 Dungeon Crawl Stone Soup version 0.30-b1-2-g02819fbbbe (webtiles) character file.

Game seed: 14331220414403890404

1 Uberchile the Chiller (level 1, -1/16 HPs)
             Began as a Meteoran Wanderer on May 22, 2023.
             Frozen to death by an endoplasm (5 damage)
             ... on level 2 of the Dungeon.
             The game lasted 00:01:04 (99 turns).

Uberchile the Chiller (Meteoran Wanderer)             Turns: 99, Time: 00:01:05

Health: -1/16      AC:  6    Str: 14    XL:     1   Next: 28%
Magic:  1/3        EV:  9    Int: 14    God:
Gold:   22         SH:  0    Dex: 11    Spells: 1/2 levels left

rFire   . . .        a - +0 club
rCold   . . .        (no shield)
rNeg    . . .        c - +0 scale mail
rPois   .            (no helmet)
rElec   .            (no cloak)
rCorr   .            (no gloves)
SInv    .            (no boots)
Will    .....        (no amulet) Stlth
                     (no ring)
HPRegen 0.22/turn    (no ring)
MPRegen 0.08/turn

%: no passive effects
@: glowing
A: sense surroundings 1, otherworldly, glowing, explore regen
a: no special abilities


You were on level 2 of the Dungeon.
You visited 1 branch of the dungeon, and saw 2 of its levels.

You collected 22 gold pieces.

Inventory:

Hand Weapons
 a - a +0 club (weapon)
Armour
 c - a +0 scale mail (worn)
Scrolls
 b - a scroll of fear
Potions
 d - a potion of degeneration {unknown}


   Skills:
 + Level 1.1 Fighting
 + Level 1.2 Throwing
 + Level 1.2 Armour
 + Level 1.0 Stealth
 + Level 1.3 Spellcasting
 + Level 1.2 Translocations
 + Level 3.3 Ice Magic
 + Level 1.2 Evocations


You had one spell level left.
You knew the following spells:

 Your Spells              Type           Power      Damage    Failure   Level
a - Freeze                Ice            40%        1d6       28%         1

Your spell library contained the following spells:

 Spells                   Type           Power      Damage    Failure   Level
 Apportation              Tloc           8%         N/A       56%         1
 Frozen Ramparts          Ice            20%        1d4       63%         3
 Hailstorm                Conj/Ice       5%         3d4       86%         3
 Teleport Other           Tloc           4%         N/A       90%         3


Dungeon Overview and Level Annotations

Branches:
Dungeon (2/15) Zot: 1095

Altars:


Innate Abilities, Weirdness & Mutations

You passively map a small area around you.
You are easily found by Zot.
You glow in the dark.
You regain HP and MP as you explore.


Message History

The hobgoblin hits you but does no damage.
The endoplasm barely misses you. The hobgoblin attacks as you move away!
The hobgoblin hits you but does no damage.
The hobgoblin attacks as you move away! The hobgoblin hits you.
* * * LOW HITPOINT WARNING * * *
The endoplasm attacks as you move away!
The endoplasm hits you but does no damage.
The hobgoblin attacks as you move away!
The hobgoblin hits you but does no damage.
Your magical contamination has completely faded away.
The hobgoblin attacks as you move away!
The hobgoblin hits you but does no damage.
There is a stone staircase leading down here.
The hobgoblin hits you.
* * * LOW HITPOINT WARNING * * *
The endoplasm hits you but does no damage.
You climb downwards.
There is a stone staircase leading up here.
The endoplasm hits you.
The hobgoblin hits you but does no damage.
The hobgoblin attacks as you move away!
The hobgoblin hits you but does no damage.
The endoplasm barely misses you.
Casting: Freeze (safe; 28% risk of failure)
Confirm with . or Enter, or press ? or * to list all spells.
Aiming: Freeze (safe; 28% risk of failure)
Press: ? - help, Shift-Dir - straight line, f - hobgoblin
Aim: a hobgoblin You freeze the hobgoblin.
The hobgoblin is severely wounded.
The endoplasm hits you but does no damage.
The hobgoblin hits you but does no damage.
The hobgoblin attacks as you move away! The hobgoblin hits you.
* * * LOW HITPOINT WARNING * * *
You hit the hobgoblin.
The hobgoblin is almost dead.
The endoplasm freezes you.
You are frozen.
You die...

* ##+## *
##...## ,
##.....## * ,
##.......## ,
> ,
#......w..#
*, ,
+.........+ ,
, *
#.....@g.<#**
* ##.....J.##
* ##.....## *
##...## ,
##+## * ,* *
* ,* * , ** *


You could see a dart slug, an endoplasm and a hobgoblin.

Vanquished Creatures
  A bat (D:1)
  A rat (D:1)
2 creatures vanquished.

Notes
Turn   | Place    | Note
-------+----------+-------------------------------------------
     0 | D:1      | Uberchile the Meteoran Wanderer began the quest for the
                  | Orb.
     0 | D:1      | Uberchile set off with the following items: a +0 club, a
                  | scroll of fear, a +0 scale mail; and the following spells
                  | available to memorise: Freeze, Apportation, Frozen
                  | Ramparts, Hailstorm, Teleport Other.
     0 | D:1      | Reached XP level 1. HP: 16/16 MP: 3/3
     2 | D:1      | Learned a level 1 spell: Freeze
    99 | D:2      | Frozen to death by an endoplasm

Illustrated notes

Levels and vault maps discovered:
D:1:      erik_arrival_blinker_ship, layout_basic
D:2:      cheibrodos_greedy_goblins, layout_loops_corners, basic_altar

Action                     || total
---------------------------++-------
  Melee: Club              ||    17
   Cast: Freeze            ||     3
 Armour: Scale mail        ||    32
  Dodge: Dodged            ||    17
